 Dungeon Crawl Stone Soup version 0.26.0-45-g9c1d065592 (webtiles) character file.

Game seed: 1614313954425511529

103 kaeus the Chopper (level 4, -5/41 HPs)
             Began as a Hill Orc Monk on Jan 27, 2021.
             Killed from afar by an orc wizard (6 damage)
             ... with a magic dart
             ... on level 3 of the Dungeon.
             The game lasted 00:02:09 (1681 turns).

kaeus the Chopper (Hill Orc Monk)                   Turns: 1681, Time: 00:02:09

Health: -5/41      AC:  7    Str: 14    XL:     4   Next: 79%
Magic:  4/4        EV: 14    Int: 10    God:
Gold:   64         SH:  0    Dex: 13    Spells: 3/3 levels left

rFire    . . .     SeeInvis .   a - +0 hand axe
rCold    . . .     Faith    .   (no shield)
rNeg     . . .     Spirit   .   l - +0 scale mail
rPois    .         Reflect  .   (no helmet)
rElec    .         Harm     .   g - +0 cloak
rCorr    .         Rampage  .   (no gloves)
Will     .....                  (no boots)
Stlth    ..........             (no amulet)
HPRegen  0.13/turn              i - +4 ring of evasion
MPRegen  0.09/turn              (no ring)

@: no status effects
A: no striking features
a: no special abilities


You were on level 3 of the Dungeon.
You visited 1 branch of the dungeon, and saw 3 of its levels.

You collected 64 gold pieces.

Inventory:

Hand Weapons
 a - a +0 hand axe (weapon)
 j - a +0 war axe
Armour
 g - a +0 cloak (worn)
 l - a +0 scale mail (worn)
Jewellery
 i - a +4 ring of evasion (left hand)
Scrolls
 c - 2 scrolls of identify {unknown}
 f - a scroll of remove curse {unknown}
Potions
 d - 2 potions of mutation {unknown}
 e - 2 potions of cancellation {unknown}
 h - a potion of brilliance {unknown}
 k - 2 potions of flight {unknown}


   Skills:
 + Level 4.4 Fighting
 + Level 4.9 Axes
 * Level 3.1 Armour
 - Level 2.4 Dodging
 - Level 1.5 Stealth


You had 3 spell levels left.
You didn't know any spells.
Your spell library was empty.

Dungeon Overview and Level Annotations

Branches:
Dungeon (3/15)

Altars:


Message History

The magic dart hits you but does no damage.
You closely miss the orc wizard.
The orc wizard is almost dead.
The orc wizard hits you with a +0 dagger.
* * * LOW HITPOINT WARNING * * *
You closely miss the orc wizard.
The orc wizard is almost dead.
The orc wizard hits you but does no damage.
The orc wizard mumbles some strange words.
The orc wizard blinks!
The orc wizard is no longer moving quickly.
The orc wizard casts a spell.
The orc wizard blinks!
The orc wizard points at you and mumbles some strange words.
The magic dart hits you.
* * * LOW HITPOINT WARNING * * *
You take 6 damage, and have 1/41 hp.
The orc wizard points at you and mumbles some strange words.
The magic dart hits you.
You die...

###..# ...
..#..###. #.#
#........ ##.#
#....# ..# #<...#
#o# #.#..# #
#.#####)# .#
#.##.####...))..#
#
#.......@..#)####
####.####<...# ..
#.###.# ## #.
#... #. #.### ##
.^# #.# #.# #.#


You could see an orc wizard.

Vanquished Creatures
  Terence (D:2)
  An adder (D:2)
  A dart slug (D:1)
  4 orcs (D:3)
  4 giant cockroaches
  8 goblins
  5 hobgoblins
  11 jackals
  A ball python (D:1)
  4 bats
  A frilled lizard (D:2)
  10 kobolds
  6 rats
57 creatures vanquished.

Notes
Turn   | Place    | Note
-------+----------+-------------------------------------------
     0 | D:1      | kaeus the Hill Orc Monk began the quest for the Orb.
     0 | D:1      | Reached XP level 1. HP: 19/19 MP: 1/1
   323 | D:1      | Reached skill level 1 in Armour
   407 | D:1      | Reached XP level 2. HP: 27/27 MP: 2/2
   670 | D:1      | Reached XP level 3. HP: 28/33 MP: 3/3
  1021 | D:2      | Noticed Terence
  1052 | D:2      | Killed Terence
  1053 | D:2      | Reached XP level 4. HP: 13/40 MP: 4/4
  1679 | D:3      | HP: 1/41 [orc wizard/magic dart (6)]
  1681 | D:3      | Killed from afar by an orc wizard

Illustrated notes

Levels and vault maps discovered:
D:1:      eino_arrival_druids_welcome, layout_basic
D:2:      layout_rooms, uniq_terence
D:3:      layout_loops_ring, chequers_temple_overflow_minitemple,
          general_overflow_altar, uniq_grinder

Skill      XL: |  1  2  3  4 |
---------------+-------------+-----
Armour         | 1 2 3 |  3.1
Fighting       | 4 |  4.4
Axes           | |  4.9
Dodging        | |  2.4
Stealth        | |  1.5

Action                   |  1- 3 |  4- 6 || total
-------------------------+-------+-------++-------
Melee: Hand axe          |    96 |    56 ||   152
       War axe           |    28 |    19 ||    47
 Stab: Sleeping          |     4 |       ||     4
Armor: Robe              |    20 |       ||    20
       Scale mail        |       |    40 ||    40
Dodge: Dodged            |    98 |    69 ||   167
